 Dungeon Crawl Stone Soup version 0.19.1 (webtiles) character file.

78 snakesoul the Magician (level 4, -3/24 HPs)
             Began as a Deep Elf Fire Elementalist on Dec 3, 2016.
             Slain by a gnoll
             ... wielding a +0 spear
              (4 damage)
             ... on level 3 of the Dungeon.
             The game lasted 00:04:38 (1610 turns).

snakesoul the Magician (Deep Elf Fire Elementalist) Turns: 1610, Time: 00:04:39

Health: -3/24      AC:  2    Str:  5    XL:     4   Next: 15%
Magic:  0/12       EV: 13    Int: 21    God:
Gold:   40         SH:  0    Dex: 15    Spells: 2 memorised, 7 levels left

rFire  . . .     SeeInvis .     e - +0 short sword
rCold  . . .     Gourm    .     a - +0 robe
rNeg   . . .     Faith    .     (no shield)
rPois  .         Spirit   .     (no helmet)
rElec  .         Reflect  .     (no cloak)
rCorr  .         Harm     .     (no gloves)
MR     .....                    (no boots)
Stlth  ++........               (no amulet)
                                (no ring)
                                (no ring)

@: very slightly contaminated
A: no striking features
a: no special abilities


You were on level 3 of the Dungeon.
You were hungry.

You visited 1 branch of the dungeon, and saw 3 of its levels.

You collected 40 gold pieces.

Inventory:

Hand Weapons
 e - a +0 short sword (weapon)
Armour
 a - a +0 robe (worn)
Scrolls
 g - a scroll of enchant armour {unknown}
 i - 6 scrolls of identify {unknown}
 j - a scroll of enchant weapon {unknown}
Potions
 d - 2 potions of heal wounds {unknown}
 k - a potion of ambrosia {unknown}
 l - a potion of mutation {unknown}
 m - a potion of curing {unknown}
 n - a potion of might {unknown}
Books
 b - a book of Flames

   Spells                             Type                      Level
   a - Flame Tongue                   Conjuration/Fire             1
   b - Throw Flame                    Conjuration/Fire             2
   c - Conjure Flame                  Conjuration/Fire             3
   d - Inner Flame                    Hexes/Fire                   3
   e - Sticky Flame                   Conjuration/Fire             4
   f - Fireball                       Conjuration/Fire             5
Comestibles
 c - a bread ration
 h - 2 meat rations


   Skills:
 - Level 2.4 Dodging
 - Level 2.4 Stealth
 + Level 4.4 Spellcasting
 * Level 2.7 Conjurations
 + Level 4.0 Fire Magic


You had 7 spell levels left.
You knew the following spells:

 Your Spells              Type           Power        Failure   Level  Hunger
a - Flame Tongue          Conj/Fire      ###..        3%          1    None
b - Conjure Flame         Conj/Fire      ###.....     12%         3    ##.....


Dungeon Overview and Level Annotations

Branches:
Dungeon (3/15)

Altars:


Message History

The flame tongue hits the gnoll.
The gnoll is heavily wounded.
The gnoll hits you.
Casting: Flame Tongue
Confirm with . or Enter, or press ? or * to list all spells.
Aiming: Flame Tongue
Press: ? - help, Shift-Dir - straight line, f/p - gnoll
Aim: a gnoll (heavily wounded)
The flame tongue hits the gnoll.
The gnoll appears unharmed.
The gnoll is heavily wounded.
The gnoll hits you from afar with a spear.
The gnoll hits you.
Casting: Flame Tongue
Confirm with . or Enter, or press ? or * to list all spells.
You don't have enough magic to cast that spell.
Unknown command.
The gnoll hits you!
* * * LOW HITPOINT WARNING * * *
The gnoll hits you from afar with a spear.
You die...

#..........#
#..........#
#..........#
#...)......#
#..........# ##+#
#..........# ..K.#
#..<.......#
......#..........#
......#.@.......^#
#......g..########
#...###g#.# #.
#)#.# #.#.# ..#.#
..+.# ...### .[.#


You could see 2 gnolls.

Vanquished Creatures
  2 gnolls (D:3)
  An adder (D:3)
  2 oozes
  A dart slug (D:2)
  3 leopard geckos
  2 giant cockroaches (D:1)
  5 goblins
  5 hobgoblins (D:1)
  5 bats
  2 frilled lizards (D:1)
  6 kobolds
  4 rats
38 creatures vanquished.

Notes
Turn   | Place    | Note
-------+----------+-------------------------------------------
     0 | D:1      | snakesoul the Deep Elf Fire Elementalist began the quest for the Orb.
     0 | D:1      | Reached XP level 1. HP: 10/10 MP: 6/6
   187 | D:1      | Reached XP level 2. HP: 15/15 MP: 6/8
   742 | D:2      | Found a faded altar of an unknown god.
   774 | D:2      | Reached XP level 3. HP: 18/19 MP: 4/10
   797 | D:2      | Learned a level 3 spell: Conjure Flame
  1601 | D:3      | Reached XP level 4. HP: 24/24 MP: 4/12
  1610 | D:3      | HP: 1/24 [gnoll (7)]
  1610 | D:3      | Slain by a gnoll

Skill      XL: |  1  2  3  4 |
---------------+-------------+-----
Conjurations   | 2 |  2.7
Spellcasting   | 4 |  4.4
Fire Magic     | 4 |  4.0
Dodging        | |  2.4
Stealth        | |  2.4

Action                   |  1- 3 |  4- 6 || total
-------------------------+-------+-------++-------
Melee: Short sword       |     2 |       ||     2
 Cast: Flame Tongue      |    62 |     6 ||    68
  Eat: Chunk             |     1 |       ||     1
Armor: Robe              |     3 |       ||     3
Dodge: Dodged            |    19 |     1 ||    20
